[Event "Titled Tuesday Blitz April 05 Early 2022"]
[White "Alboredo, Julia"]
[Black "Chincholimath, Halsagar"]
[WhiteFideId "2124807"]
[BlackFideId "5022487"]
[WhiteElo "2041"]
[BlackElo "1737"]
[Result "1/2-1/2"]
[Round "05"]
[TimeControl "180+1"]
[Date "2022.04.05"]
[WhiteClock "0:00:10"]
[BlackClock "0:00:10"]

1. e4 d5 2. exd5 Qxd5 3. Nc3 Qd8 4. d4 c6 5. Nf3 Bg4 6. Be2 Bxf3 7. Bxf3 e6 8. O-O Nf6 9. Bg5 Nbd7 10. Qd2 Qc7 11. a3 a5 12. Rfe1 Be7 13. Bf4 Qb6 14. Na4 Qb5 15. b3 O-O 16. h3 Rfd8 17. Nc3 Qf5 18. Ne4 Nxe4 19. Bxe4 Qh5 20. Qe3 Nf6 21. Bf3 Qf5 22. c4 Rd7 23. a4 c5 24. dxc5 Bxc5 25. Qe5 Qxe5 26. Bxe5 Rd2 27. Re2 Rxe2 28. Bxe2 Rd8 29. Rd1 Rxd1+ 30. Bxd1 Ne4 31. Bf3 Nxf2 32. Kf1 Nd3 33. Bc7 b6 34. Bd1 f6 35. Ke2 Nb4 36. Kf3 Kf7 37. g4 g5 38. Bg3 Nc6 39. Be1 Ke7 40. Ke4 Kd6 41. h4 h6 42. hxg5 hxg5 43. Bg3+ Kd7 44. Be1 Ne5 45. Bc3 Bd6 46. Bd4 Bc7 47. c5 bxc5 48. Bxc5 Nc6 49. Be2 Nb4 50. Bb5+ Kd8 51. Bd4 e5 52. Bc5 Nc2 53. Kd3 Nd4 54. Bxd4 exd4 55. Kxd4 Ke7 56. Ke4 Be5 57. Bc4 Bc3 58. Bd3 Bb4 59. Kd5 Be1 60. Bf5 Bb4 61. Kc4 Be1 62. Kd5 Bb4 63. Kc4 Be1 64. Kd5 1/2-1/2


[Site "https://www.chess.com"]

[Event "Titled Tuesday Blitz April 05 Early 2022"]
[White "Aldokhin, Ivan"]
[Black "Shubin, Kirill"]
[WhiteFideId "24115720"]
[BlackFideId "34119962"]
[WhiteElo "2231"]
[BlackElo "2522"]
[Result "0-1"]
[Round "05"]
[TimeControl "180+1"]
[Date "2022.04.05"]
[WhiteClock "0:00:07"]
[BlackClock "0:00:20"]

1. e4 e6 2. d4 d5 3. Nc3 Bb4 4. Ne2 Nc6 5. a3 Ba5 6. b4 Bb6 7. Be3 Nf6 8. e5 Ng4 9. Bf4 f6 10. h3 fxe5 11. Bg3 exd4 12. hxg4 dxc3 13. Qd3 Qg5 14. Bf4 Qxg4 15. Rxh7 Rxh7 16. Qxh7 Nd4 17. Nxd4 Qxf4 18. Nf3 Bd7 19. Qg8+ Qf8 20. Qxf8+ Kxf8 21. Bd3 Ke7 22. Ne5 Be8 23. Ke2 a5 24. b5 a4 25. Rh1 Bd4 26. Nf3 Bf6 27. g4 e5 28. g5 e4 29. gxf6+ Kxf6 30. Nd4 exd3+ 31. Kxd3 c5 32. bxc6 bxc6 33. Kxc3 c5 34. Ne2 Bf7 35. Rb1 Re8 36. Rb6+ Re6 37. Rxe6+ Bxe6 38. Nf4 Ke5 39. Nd3+ Kd6 40. Nf4 d4+ 41. Kd3 Bf5+ 42. Kd2 Ke5 43. Nh5 g5 44. Ng3 Bg4 45. Nf1 Ke4 46. Nh2 Bf5 47. Ke2 Kf4 48. Nf1 Bxc2 49. Nd2 Bb3 50. Nf1 Bc4+ 51. Ke1 Bxf1 52. Kxf1 c4 53. Kg2 c3 54. Kf1 c2 55. Kg2 c1=Q 56. Kh2 d3 57. Kg2 d2 58. f3 d1=Q 59. Kh3 Qh1# 0-1


[Site "https://www.chess.com"]

[Event "Titled Tuesday Blitz April 05 Early 2022"]
[White "Alimpic, Aleksa"]
[Black "Van den Dikkenberg, Erik"]
[WhiteFideId "974323"]
[BlackFideId "1005880"]
[WhiteElo "2169"]
[BlackElo "2118"]
[Result "0-1"]
[Round "05"]
[TimeControl "180+1"]
[Date "2022.04.05"]
[WhiteClock "0:00:03"]
[BlackClock "0:00:49"]

1. c4 Nf6 2. Nc3 g6 3. d4 Bg7 4. e4 d6 5. h3 O-O 6. Be3 c5 7. Nf3 Qa5 8. Bd3 Nc6 9. d5 Ne5 10. O-O Nfd7 11. Nxe5 Nxe5 12. f4 Nxd3 13. Qxd3 Bd7 14. a4 a6 15. Bf2 Qb4 16. Qe2 Bxc3 17. bxc3 Qxc3 18. e5 Qa5 19. Bh4 Rae8 20. e6 fxe6 21. dxe6 Bc6 22. f5 Qc3 23. fxg6 hxg6 24. Rad1 Qh8 25. Rxf8+ Kxf8 26. Rf1+ Kg8 27. Qg4 Qd4+ 28. Qxd4 cxd4 29. Rf7 d3 30. Kf2 Bxa4 0-1


[Site "https://www.chess.com"]

[Event "Titled Tuesday Blitz April 05 Early 2022"]
[White "Arabidze, Meri"]
[Black "Yordanov, Nikolay Plamenov"]
[WhiteFideId "13604040"]
[BlackFideId "2907445"]
[WhiteElo "2335"]
[BlackElo "2248"]
[Result "1-0"]
[Round "05"]
[TimeControl "180+1"]
[Date "2022.04.05"]
[WhiteClock "0:00:31"]
[BlackClock "0:00:39"]

1. Nf3 Nf6 2. b3 g6 3. Bb2 Bg7 4. g3 O-O 5. Bg2 d5 6. O-O c6 7. c4 Bg4 8. d3 Nbd7 9. Nbd2 Re8 10. h3 Bxf3 11. Nxf3 e5 12. b4 d4 13. Nd2 Qe7 14. a3 h5 15. c5 a6 16. Nc4 Rab8 17. e3 dxe3 18. fxe3 Nd5 19. Qe2 Rf8 20. e4 Nc7 21. Rf2 Ne6 22. Raf1 f6 23. h4 Nd4 24. Bxd4 exd4 25. Bh3 Ne5 26. Nd6 Rbd8 27. g4 hxg4 28. Bxg4 Nf7 29. h5 Nxd6 30. cxd6 Qxd6 31. hxg6 Qg3+ 32. Rg2 Qe3+ 33. Qxe3 dxe3 34. Be6+ Kh8 35. Rh2+ Bh6 36. Rxh6+ Kg7 37. Rh7+ Kxg6 38. Bf5+ Kg5 39. Rg7+ Kh6 40. Rg6+ Kh5 41. Kg2 1-0


[Site "https://www.chess.com"]

[Event "Titled Tuesday Blitz April 05 Early 2022"]
[White "Araujo Filho, Luiz Antonio Coel"]
[Black "Politov, Pavel Y."]
[WhiteFideId "2130661"]
[BlackFideId "24110515"]
[WhiteElo "2251"]
[BlackElo "2090"]
[Result "1-0"]
[Round "05"]
[TimeControl "180+1"]
[Date "2022.04.05"]
[WhiteClock "0:00:33"]
[BlackClock "0:00:01"]

1. d4 d5 2. Nf3 Nf6 3. e3 e6 4. Bd3 Bd6 5. Nbd2 Nbd7 6. Qe2 O-O 7. e4 dxe4 8. Nxe4 Nxe4 9. Bxe4 Nf6 10. Bd3 c5 11. dxc5 Bxc5 12. Bg5 h6 13. Bh4 Be7 14. O-O-O Qc7 15. Ne5 b6 16. Bxf6 Bxf6 17. Qe4 g6 18. Nxf7 Kxf7 19. Qxg6+ Ke7 20. Rhe1 Bd7 21. Kb1 Rac8 22. Qxh6 Bb5 23. Qe3 Qc6 24. Bf5 e5 25. Bxc8 Rxc8 26. Rd2 Ba4 27. b3 Bb5 28. c4 Ba6 29. f4 Qc5 30. fxe5 Qxe3 31. exf6+ Kxf6 32. Rxe3 1-0


[Site "https://www.chess.com"]

[Event "Titled Tuesday Blitz April 05 Early 2022"]
[White "Avazkhonov, Alikhon"]
[Black "Piliczewski, Bogusz"]
[WhiteFideId "14208504"]
[BlackFideId "1104144"]
[WhiteElo "1739"]
[BlackElo "1896"]
[Result "1-0"]
[Round "05"]
[TimeControl "180+1"]
[Date "2022.04.05"]
[WhiteClock "0:00:24"]
[BlackClock "0:00:30"]

1. e4 c6 2. Nc3 d5 3. Nf3 Bg4 4. h3 Bxf3 5. Qxf3 dxe4 6. Nxe4 e6 7. c3 Nd7 8. d4 Ngf6 9. Bc4 Be7 10. O-O Nxe4 11. Qxe4 Nf6 12. Qe2 O-O 13. Bf4 Qb6 14. Rad1 c5 15. Be5 Rfd8 16. dxc5 Qxc5 17. Bd4 Qc7 18. Rfe1 h6 19. Bb3 a6 20. Bxe6 fxe6 21. Qxe6+ Kf8 22. Bb6 Rxd1 23. Bxc7 Rxe1+ 24. Qxe1 Re8 25. Qe6 Bc5 26. Bd6+ Bxd6 27. Qxd6+ Kf7 28. Qc7+ Re7 29. Qc4+ Kf8 30. b4 Ne4 31. f3 Nf6 32. a4 h5 33. a5 g5 34. Qc5 Nh7 35. c4 Kf7 36. b5 axb5 37. cxb5 h4 38. a6 bxa6 39. bxa6 Nf6 40. a7 Re1+ 41. Kf2 Ra1 42. Qb6 Ra2+ 43. Kg1 Ra1+ 44. Kh2 Nh5 45. Qb7+ Kg6 46. a8=Q Ng3 47. Qxa1 1-0


[Site "https://www.chess.com"]

[Event "Titled Tuesday Blitz April 05 Early 2022"]
[White "Baches Garcia, Guillermo"]
[Black "Sarkar, Justin"]
[WhiteFideId "2209764"]
[BlackFideId "2010011"]
[WhiteElo "2469"]
[BlackElo "2038"]
[Result "1-0"]
[Round "05"]
[TimeControl "180+1"]
[Date "2022.04.05"]
[WhiteClock "0:01:48"]
[BlackClock "0:00:02"]

1. e4 c5 2. Nf3 d6 3. d4 cxd4 4. Nxd4 Nf6 5. Nc3 Nc6 6. Nd5 Nxe4 7. Nb5 Be6 8. Ndc7+ Kd7 9. Nxa8 Qxa8 10. Nd4 Nxd4 11. Qxd4 Nc5 12. Bc4 b6 13. Bxe6+ fxe6 14. O-O Qe4 15. Be3 Qxd4 16. Bxd4 e5 17. Bxc5 bxc5 18. c4 g6 19. Rfe1 Bg7 20. Re3 Kc6 21. Ra3 Kb7 22. Rd1 Rc8 23. Rdd3 Rc6 24. Rdb3+ Rb6 25. Rxb6+ axb6 26. Rh3 1-0


[Site "https://www.chess.com"]

[Event "Titled Tuesday Blitz April 05 Early 2022"]
[White "Becerra, Juan David"]
[Black "Tanenbaum, Zachary"]
[WhiteFideId "4404998"]
[BlackFideId "2060850"]
[WhiteElo "2277"]
[BlackElo "2168"]
[Result "0-1"]
[Round "05"]
[TimeControl "180+1"]
[Date "2022.04.05"]
[WhiteClock "0:00:02"]
[BlackClock "0:00:40"]

1. e4 e5 2. Nf3 Nc6 3. Bb5 a6 4. Ba4 d6 5. d3 b5 6. Bb3 Na5 7. c3 Nxb3 8. axb3 Bb7 9. b4 Nf6 10. Nbd2 Be7 11. Nb3 Rb8 12. Na5 Ba8 13. O-O O-O 14. Re1 Nd7 15. d4 f5 16. exf5 e4 17. Nd2 d5 18. f3 exf3 19. Qxf3 Bd6 20. Nf1 Nf6 21. Ng3 Qd7 22. Bf4 Ne4 23. Bxd6 cxd6 24. Rad1 Rf7 25. Rf1 Rbf8 26. Qg4 Bb7 27. Nh5 Bc8 28. Rf4 Rxf5 29. Rxf5 Rxf5 30. Qe2 Qf7 31. Ng3 Rf2 32. Qe3 Rxb2 33. Rf1 Qe7 34. Nc6 Qe8 35. Nxe4 dxe4 36. Qf4 Bb7 37. Na5 Ba8 38. Qxd6 e3 39. d5 e2 40. Re1 Rb1 0-1


[Site "https://www.chess.com"]

[Event "Titled Tuesday Blitz April 05 Early 2022"]
[White "Begunov, Konstantin"]
[Black "Rosenberg, Evan S"]
[WhiteFideId "4118510"]
[BlackFideId "2019299"]
[WhiteElo "2262"]
[BlackElo "2270"]
[Result "1-0"]
[Round "05"]
[TimeControl "180+1"]
[Date "2022.04.05"]
[WhiteClock "0:01:02"]
[BlackClock "0:00:02"]

1. d4 Nf6 2. c4 e6 3. Nf3 Bb4+ 4. Nbd2 b6 5. a3 Bxd2+ 6. Bxd2 Bb7 7. Bg5 h6 8. Bh4 d6 9. e3 c5 10. dxc5 bxc5 11. Be2 O-O 12. O-O d5 13. cxd5 exd5 14. Qb3 Bc6 15. Ne5 Be8 16. Qb7 Nbd7 17. Nc6 Rb8 18. Nxd8 Rxb7 19. Nxb7 g5 20. Bg3 Ne4 21. Rac1 c4 22. Nd6 Ndf6 23. Nxe8 Rxe8 24. Rfd1 h5 25. Bf3 h4 26. Bxe4 Nxe4 27. Bc7 Rc8 28. Ba5 Rc5 29. Bb4 Rb5 30. Bc3 g4 31. f3 gxf3 32. gxf3 Ng5 33. Kf2 h3 34. Rd4 Kf8 35. Rcd1 Ne6 36. Rxd5 Rb3 37. Ra5 Rb7 38. Kg3 Ke7 39. Kxh3 f6 40. Rad5 Ng5+ 41. Kg3 Rb8 42. Rd7+ Ke6 43. R1d6+ Kf5 44. e4+ Kg6 45. Rxf6+ Kh5 46. Rdd6 Rh8 47. Bd2 a5 48. Rg6 Nxe4+ 49. fxe4 Rg8 50. Rxg8 a4 51. Rh6# 1-0


[Site "https://www.chess.com"]

[Event "Titled Tuesday Blitz April 05 Early 2022"]
[White "Bettalli, Francesco"]
[Black "Hasangatin, Ramil"]
[WhiteFideId "2816453"]
[BlackFideId "4122160"]
[WhiteElo "2216"]
[BlackElo "2375"]
[Result "0-1"]
[Round "05"]
[TimeControl "180+1"]
[Date "2022.04.05"]
[WhiteClock "0:00:18"]
[BlackClock "0:00:38"]

1. d4 Nf6 2. Nc3 d5 3. Bf4 c5 4. e3 cxd4 5. exd4 a6 6. Nf3 Bd7 7. Bd3 Bc6 8. O-O Ne4 9. Ne5 Nxc3 10. bxc3 Nd7 11. Nxc6 bxc6 12. c4 e6 13. c5 Be7 14. c4 Nf6 15. cxd5 Nxd5 16. Be5 Bf6 17. Rb1 Bxe5 18. dxe5 Nc3 19. Qf3 Nxb1 20. Qxc6+ Kf8 21. Rxb1 g6 22. Qd6+ Kg7 23. Rb7 Rf8 24. h3 Qa5 25. c6 Rad8 26. Rd7 Rxd7 27. cxd7 Rd8 28. Bxa6 Qxa2 29. Bc8 Qa1+ 30. Kh2 Qe1 31. f3 Qc3 32. Kg3 h5 33. Kh2 h4 34. Kg1 g5 35. Kh2 Kg6 36. Kg1 Kf5 37. Qe7 Qe1+ 38. Kh2 Qxe5+ 39. Kg1 Qf6 40. Qc5+ Kg6 41. Qc2+ Kg7 42. Qc7 Qe7 43. Qe5+ f6 44. Qc7 Rf8 45. Kh2 e5 46. Kg1 f5 47. Bb7 Rd8 48. Bc6 Qf6 49. Bb5 Kf8 50. Kh2 Ke7 51. Qc5+ Qd6 52. Qc2 e4+ 53. Kh1 Qd4 54. Qa2 exf3 55. gxf3 Qe5 56. Qd2 Qxb5 57. Qxg5+ Kxd7 58. Qxh4 Qb1+ 59. Kg2 Qc2+ 60. Kg3 Qc6 61. Qh7+ Kc8 62. Qxf5+ Qd7 63. Qc5+ Qc7+ 64. Qxc7+ Kxc7 65. f4 Kd7 66. Kg4 Ke7 67. Kg5 Kf7 68. h4 Kg7 69. h5 Rd5+ 70. f5 Rb5 71. h6+ Kf7 72. h7 Kg7 73. h8=Q+ Kxh8 74. Kg6 Kg8 75. Kf6 Kf8 76. Kg6 Rb6+ 77. f6 Ra6 78. Kh6 Ra5 79. Kh7 Ra4 80. f7 Ra3 81. Kg6 Ra2 82. Kf6 Ra1 83. Ke6 Rg1 84. Kf6 Rf1+ 85. Ke6 Rxf7 86. Ke5 Re7+ 87. Kd6 Rf7 88. Kd5 Ke8 89. Kc6 Ke7 0-1


[Site "https://www.chess.com"]

[Event "Titled Tuesday Blitz April 05 Early 2022"]
[White "Butti, Enrique"]
[Black "Rastbod, Ali"]
[WhiteFideId "3700470"]
[BlackFideId "12567477"]
[WhiteElo "2080"]
[BlackElo "2147"]
[Result "0-1"]
[Round "05"]
[TimeControl "180+1"]
[Date "2022.04.05"]
[WhiteClock "0:02:31"]
[BlackClock "0:02:01"]

1. e4 e6 2. d4 d5 3. Nd2 Nc6 4. Ngf3 Nf6 5. Bd3 Nb4 6. Bb5+ c6 7. a3 cxb5 8. axb4 dxe4 9. Ng5 Qxd4 10. c3 Qe5 0-1


[Site "https://www.chess.com"]

[Event "Titled Tuesday Blitz April 05 Early 2022"]
[White "Cagara, Paulina"]
[Black "Plazuelo Pascual, Juan"]
[WhiteFideId "1124870"]
[BlackFideId "32059566"]
[WhiteElo "1780"]
[BlackElo "2359"]
[Result "1-0"]
[Round "05"]
[TimeControl "180+1"]
[Date "2022.04.05"]
[WhiteClock "0:02:10"]
[BlackClock "0:01:33"]

1. e4 e5 2. Nf3 Nc6 3. c3 Nf6 4. d4 Nxe4 5. d5 Ne7 6. Nxe5 d6 7. Bb5+ c6 8. dxc6 Qb6 9. cxb7+ Kd8 10. Nxf7+ Kc7 11. bxa8=N+ Kb8 12. Nxb6 axb6 13. Nxd6 Nc5 14. Bf4 1-0


[Site "https://www.chess.com"]

[Event "Titled Tuesday Blitz April 05 Early 2022"]
[White "Chernomordik, Pavel"]
[Black "Samaganova, Aleksandra"]
[WhiteFideId "2804530"]
[BlackFideId "13800221"]
[WhiteElo "2220"]
[BlackElo "1859"]
[Result "1-0"]
[Round "05"]
[TimeControl "180+1"]
[Date "2022.04.05"]
[WhiteClock "0:00:13"]
[BlackClock "0:00:01"]

1. e4 c5 2. Nc3 e6 3. f4 a6 4. g3 b5 5. Bg2 Bb7 6. Qe2 Qc7 7. d3 b4 8. Nd1 Nf6 9. Nf3 Be7 10. Ne3 O-O 11. O-O d5 12. e5 Nfd7 13. c4 bxc3 14. bxc3 Nc6 15. Kh1 d4 16. cxd4 Nxd4 17. Nxd4 cxd4 18. Nc4 Bxg2+ 19. Qxg2 Nb6 20. Nxb6 Qxb6 21. f5 exf5 22. Rxf5 Rac8 23. Bg5 Ba3 24. Raf1 Qb2 25. R5f2 Qb4 26. Qe4 h6 27. Bd2 Qc5 28. Qb7 Qc6+ 29. Qxc6 Rxc6 30. Bf4 Bb4 31. Kg2 Bc3 32. Kf3 Re8 33. Ke4 Re7 34. Kd5 Rb6 35. Re2 Rd7+ 36. Ke4 g5 37. Bc1 Kg7 38. h4 Kg6 39. hxg5 hxg5 40. Rf5 Kg7 41. Bxg5 Rb2 42. Bf6+ Kg6 43. Rg5+ Kh6 44. Rxb2 Bxb2 45. Rg8 Rb7 46. Ra8 a5 47. Kf5 1-0


[Site "https://www.chess.com"]

[Event "Titled Tuesday Blitz April 05 Early 2022"]
[White "Chernov, Mikhail"]
[Black "Ronka, Erik"]
[WhiteFideId "24143170"]
[BlackFideId "505080"]
[WhiteElo "2189"]
[BlackElo "2264"]
[Result "1/2-1/2"]
[Round "05"]
[TimeControl "180+1"]
[Date "2022.04.05"]
[WhiteClock "0:00:08"]
[BlackClock "0:00:08"]

1. d4 d5 2. Nc3 Nf6 3. Bf4 c5 4. e3 cxd4 5. exd4 Bg4 6. f3 Bd7 7. Nb5 Bxb5 8. Bxb5+ Nbd7 9. c3 e6 10. Ne2 Be7 11. O-O O-O 12. Bd3 a6 13. a4 Ne8 14. Qc2 g6 15. Rfe1 Bd6 16. Qd2 Bxf4 17. Qxf4 Rc8 18. Qh6 Qf6 19. Ng3 Nd6 20. Nh5 Qh8 21. Qf4 Rc6 22. Ng3 Qf6 23. Ne2 Qxf4 24. Nxf4 b5 25. axb5 axb5 26. Ra7 Rd8 27. Rea1 Nc4 28. b3 Nd6 29. R1a6 Rxa6 30. Rxa6 Nf6 31. Kf2 Kf8 32. Rb6 Ke7 33. Bxb5 Rc8 34. Ne2 Rc7 35. Bd3 Nc8 36. Rb8 Nd6 37. Ke3 Nd7 38. Ra8 e5 39. Ra6 f5 40. dxe5 Nxe5 41. h3 Nc6 42. f4 Nd8 43. Nd4 Rxc3 44. Ra7+ Kf8 45. Rd7 N8f7 46. Ne6+ Ke8 47. Ra7 Rxb3 48. Kd2 Rb2+ 49. Kc3 Rb8 50. Nc7+ Kf8 51. Nxd5 Rc8+ 52. Kd2 Re8 53. Nf6 Re7 54. Nxh7+ Kg7 55. Rxe7 Kxh7 56. Kc3 Kg7 57. Bc4 Kf6 58. Rd7 Ne4+ 59. Kd4 Nfd6 60. Bd5 g5 61. fxg5+ Kxg5 62. Bxe4 Nxe4 63. Ke5 Ng3 64. Rg7+ Kh4 65. Kf4 Nh5+ 66. Kxf5 Nxg7+ 67. Kg6 Nh5 68. Kf5 Ng3+ 69. Kf4 Nh5+ 70. Kf3 Ng3 71. Kf2 Nh5 72. Kf3 Ng3 73. Kf4 Nh5+ 74. Kf3 1/2-1/2


[Site "https://www.chess.com"]

[Event "Titled Tuesday Blitz April 05 Early 2022"]
[White "Decuigniere, Tom"]
[Black "Hoffmann, Asa"]
[WhiteFideId "26093820"]
[BlackFideId "2001470"]
[WhiteElo "1997"]
[BlackElo "2117"]
[Result "0-1"]
[Round "05"]
[TimeControl "180+1"]
[Date "2022.04.05"]
[WhiteClock "0:00:16"]
[BlackClock "0:00:35"]

1. e4 d6 2. d4 Nf6 3. Bd3 e5 4. c3 Nc6 5. Nf3 Bg4 6. Be3 d5 7. exd5 Nxd5 8. h3 Nxe3 9. fxe3 Bxf3 10. Qxf3 exd4 11. exd4 Qe7+ 12. Kf2 O-O-O 13. Nd2 g6 14. Rae1 Qd7 15. Ne4 f5 16. Ng5 Nxd4 17. cxd4 Qxd4+ 18. Qe3 Qxd3 19. Nf7 Qxe3+ 20. Rxe3 Bc5 21. Nxh8 Rxh8 22. Kf3 Bxe3 23. Kxe3 Re8+ 24. Kd2 c5 25. g4 f4 26. g5 Re5 27. h4 Kc7 28. Rf1 Re4 29. Kd3 Rd4+ 30. Kc3 Kd6 31. Re1 b5 32. Re8 a5 33. a3 b4+ 34. axb4 axb4+ 35. Kc2 Kd5 36. Rh8 f3 37. Rxh7 c4 38. Rf7 b3+ 39. Kc1 Ke4 40. h5 gxh5 41. g6 Rd5 42. g7 Rg5 43. Kd2 Rg2+ 44. Ke1 h4 45. Re7+ Kd3 46. Kf1 h3 47. Rd7+ Kc2 48. g8=Q Rxg8 49. Rh7 Kxb2 50. Rxh3 c3 51. Rxf3 c2 52. Ke2 c1=Q 53. Rd3 Re8+ 54. Kf3 Qf1+ 55. Kg4 Qxd3 56. Kf4 Ka1 57. Kg4 b2 58. Kg5 b1=N 59. Kf4 Nc3 60. Kg5 Qd5+ 61. Kf4 Qe5+ 62. Kf3 Rf8+ 63. Kg4 Qg7+ 64. Kh4 Nb1 65. Kh3 Rh8# 0-1


[Site "https://www.chess.com"]

[Event "Titled Tuesday Blitz April 05 Early 2022"]
[White "Demin, Vladimir"]
[Black "Legenia, Artem"]
[WhiteFideId "4167457"]
[BlackFideId "14136945"]
[WhiteElo "2458"]
[BlackElo "1936"]
[Result "0-1"]
[Round "05"]
[TimeControl "180+1"]
[Date "2022.04.05"]
[WhiteClock "0:00:05"]
[BlackClock "0:00:14"]

1. e4 d5 2. exd5 Qxd5 3. Nc3 Qa5 4. d4 Nf6 5. Bc4 Nc6 6. Nf3 Bg4 7. Bb5 O-O-O 8. Bxc6 bxc6 9. h3 Bxf3 10. Qxf3 Qa6 11. Be3 e6 12. Qe2 Qxe2+ 13. Kxe2 Bb4 14. Na4 Rhe8 15. c3 Bf8 16. f4 Nd5 17. a3 Nxe3 18. Kxe3 f6 19. Ke4 e5 20. dxe5 g6 21. Rad1 Rxd1 22. Rxd1 fxe5 23. c4 exf4+ 24. Kxf4 Bh6+ 25. Kf3 Re3+ 26. Kf2 Rb3 27. Re1 Bg7 28. Re2 Bd4+ 29. Ke1 Re3 30. Rxe3 Bxe3 31. Nc3 Kd7 32. Ke2 Bc1 33. Nd1 Ke6 34. a4 a5 35. b3 Ke5 36. Nf2 Kd4 37. Nd3 Bg5 38. g3 Kc3 39. Nc5 Kb4 40. Ne6 Bf6 41. Nxc7 Kxb3 42. c5 Kxa4 43. Ne8 Bd4 44. Nc7 Bxc5 45. Ne6 Bd6 46. g4 Kb3 47. Kd3 c5 48. Nd4+ cxd4 0-1


[Site "https://www.chess.com"]

[Event "Titled Tuesday Blitz April 05 Early 2022"]
[White "Derraugh, Geordie"]
[Black "Kokoszczynski, Jan"]
[WhiteFideId "2603950"]
[BlackFideId "1174460"]
[WhiteElo "2116"]
[BlackElo "2163"]
[Result "1-0"]
[Round "05"]
[TimeControl "180+1"]
[Date "2022.04.05"]
[WhiteClock "0:00:17"]
[BlackClock "0:00:06"]

1. e4 e5 2. Nf3 Nc6 3. d4 exd4 4. Bc4 Nf6 5. e5 d5 6. Bb5 Ne4 7. Nxd4 Bd7 8. Bxc6 bxc6 9. O-O Bc5 10. f3 Ng5 11. f4 Ne4 12. Be3 Bb6 13. Nd2 Nxd2 14. Qxd2 c5 15. Ne2 d4 16. Bf2 Bc6 17. Qd3 Qd5 18. Qg3 O-O-O 19. Rfd1 Qe4 20. Rd2 Ba5 21. c3 d3 22. Nc1 c4 23. Bxa7 Kb7 24. Qe3 g5 25. fxg5 Rhg8 26. Qxe4 Bxe4 27. Be3 Rd5 28. Bf4 Bb6+ 29. Kf1 Ba5 30. Rb1 Kc6 31. b4 Bb6 32. a4 Be3 33. Bxe3 Rxe5 34. b5+ Kd7 35. Bf4 Rf5 36. Rf2 Kc8 37. Rbb2 Re8 38. Na2 Rd5 39. Nb4 Rd7 40. a5 Rde7 41. h3 Bc6 42. Kg1 Bxb5 43. Nd5 Re1+ 44. Kh2 R8e2 45. Nxc7 Rxf2 46. Rxf2 Re2 47. Kg3 d2 48. Bxd2 Rxf2 49. Kxf2 Kxc7 50. Ke3 Kc6 51. Kd4 Ba6 52. Ke5 Kb5 53. Kf6 Bb7 54. g3 Bd5 55. Kg7 Kxa5 56. Kxh7 Ka4 57. Bf4 Kb3 58. Be5 Kc2 59. h4 Kd3 60. h5 Ke4 61. Bd4 Kf5 62. Kh6 Ke6 63. g6 fxg6 64. Kxg6 Ke7 65. Kg7 Be4 66. h6 Bd3 67. h7 Bxh7 68. Kxh7 Ke6 69. Kg6 Kd6 70. Kf5 1-0


[Site "https://www.chess.com"]

[Event "Titled Tuesday Blitz April 05 Early 2022"]
[White "Diaz Rosas, Julio Cesar"]
[Black "Niyazgulova, Marina"]
[WhiteFideId "5105099"]
[BlackFideId "24142573"]
[WhiteElo "2278"]
[BlackElo "2046"]
[Result "0-1"]
[Round "05"]
[TimeControl "180+1"]
[Date "2022.04.05"]
[WhiteClock "0:01:17"]
[BlackClock "0:00:19"]

1. d4 d5 2. c4 c6 3. Nf3 Nf6 4. Qc2 dxc4 5. Qxc4 Bf5 6. g3 e6 7. Bg2 Bd6 8. O-O O-O 9. a4 a5 10. Re1 Nbd7 11. Nh4 Be4 12. f3 Bd5 13. Qc2 e5 14. Nf5 Bb4 15. Bd2 Bxd2 16. Nxd2 Be6 17. dxe5 Nxe5 18. Rad1 Qb6+ 19. Kh1 Rad8 20. Bh3 Bxf5 21. Bxf5 g6 22. Bh3 Nd5 23. Qe4 Rfe8 24. Nc4 Nxc4 25. Qxc4 Ne3 26. Rxd8 Rxd8 27. Qc3 Nd1 28. Qf6 Rd2 29. Rf1 Nf2+ 30. Kg2 Rxe2 0-1


[Site "https://www.chess.com"]

[Event "Titled Tuesday Blitz April 05 Early 2022"]
[White "Dilmukhametov, Artur"]
[Black "Hernandez Bermudez, Ulises Eduardo"]
[WhiteFideId "24179922"]
[BlackFideId "3902510"]
[WhiteElo "2244"]
[BlackElo "2056"]
[Result "0-1"]
[Round "05"]
[TimeControl "180+1"]
[Date "2022.04.05"]
[WhiteClock "0:02:00"]
[BlackClock "0:01:52"]

1. d4 Nf6 2. Nc3 d5 3. Bf4 g6 4. Nf3 Bg7 5. e3 O-O 6. Bd3 Nbd7 7. Qd2 c5 8. O-O-O c4 9. Be2 a6 10. h4 h5 11. Rdg1 b5 12. Ng5 Nb6 13. g4 Bxg4 14. Bxg4 Nxg4 15. f3 Nf6 16. Be5 b4 17. Ne2 b3 18. axb3 cxb3 19. c3 Nc4 20. Qd3 Qa5 21. Kd1 Nxb2+ 0-1


[Site "https://www.chess.com"]

[Event "Titled Tuesday Blitz April 05 Early 2022"]
[White "Domingo Nunez, Alejandro"]
[Black "Sadovsky, Artem"]
[WhiteFideId "22245561"]
[BlackFideId "4155840"]
[WhiteElo "2215"]
[BlackElo "2314"]
[Result "0-1"]
[Round "05"]
[TimeControl "180+1"]
[Date "2022.04.05"]
[WhiteClock "0:00:05"]
[BlackClock "0:00:08"]

1. Nf3 g6 2. e4 Bg7 3. d4 d6 4. h3 e5 5. dxe5 dxe5 6. Qxd8+ Kxd8 7. Bc4 f6 8. Be3 Nd7 9. Nc3 Bh6 10. Bxg8 Bxe3 11. Be6 Bc5 12. O-O-O Re8 13. Bxd7 Bxd7 14. Rd5 Bxf2 15. Rf1 Be3+ 16. Kb1 c6 17. Rd3 Bc5 18. Nd2 Ke7 19. Nb3 Bb6 20. Na4 Rad8 21. Rdf3 Rf8 22. g4 Bc8 23. Nac5 Bc7 24. a4 b6 25. Nd3 c5 26. Nd2 Bb7 27. Re1 Rd4 28. b3 c4 29. bxc4 Rdd8 30. Kc1 a5 31. c5 Rd4 32. cxb6 Bxb6 33. Ref1 Bxe4 34. Nxe4 Rxe4 35. Nb2 Be3+ 36. Kb1 Rb8 37. c3 Rf4 38. Kc2 Rxf3 39. Rxf3 Bb6 40. Nc4 Bc7 41. Ne3 Ke6 42. Kd3 Rd8+ 43. Kc4 e4 44. Rf1 Rd3 45. Nc2 Be5 46. Nd4+ Bxd4 47. cxd4 f5 48. gxf5+ gxf5 49. h4 Rd2 50. Kc5 Rc2+ 51. Kb5 e3 52. Rf3 e2 53. Re3+ Kd5 54. Kxa5 Kxd4 55. Re7 f4 56. Kb6 f3 57. Rxe2 fxe2 0-1


[Site "https://www.chess.com"]

[Event "Titled Tuesday Blitz April 05 Early 2022"]
[White "Dovbnia, Nikita"]
[Black "Maung, Maung Kyaw Zaw Hein"]
[WhiteFideId "54104599"]
[BlackFideId "13001698"]
[WhiteElo "2111"]
[BlackElo "1785"]
[Result "0-1"]
[Round "05"]
[TimeControl "180+1"]
[Date "2022.04.05"]
[WhiteClock "0:00:02"]
[BlackClock "0:00:09"]

1. Nf3 d5 2. b3 Nf6 3. Bb2 c6 4. e3 Bf5 5. d4 Nbd7 6. Bd3 Bg6 7. O-O e6 8. c4 Be7 9. Nc3 O-O 10. Qc2 Bd6 11. e4 dxe4 12. Nxe4 Nxe4 13. Bxe4 Qc7 14. Bxg6 hxg6 15. h3 a5 16. a3 b5 17. Qc3 Nf6 18. Ne5 bxc4 19. Qxc4 Bxe5 20. dxe5 Nd5 21. Rac1 Rfc8 22. Rc2 Rab8 23. Rfc1 Qb6 24. Bd4 Qxb3 25. Qc5 a4 26. Qd6 c5 27. Rb2 Qxb2 28. Bxb2 Rxb2 29. Rxc5 Rxc5 30. Qxc5 Rb3 31. g3 g5 32. Kg2 Nc3 33. Kf3 Nb5+ 34. Kg4 Nxa3 35. Qa5 Nc4 36. Qxa4 Rc3 37. Kxg5 Nxe5 38. f4 Nf3+ 39. Kg4 Nd2 40. Qe8+ Kh7 41. Qxf7 Ne4 42. Qxe6 Rxg3+ 43. Kf5 Nf6 44. Qf7 Rxh3 45. Qg6+ Kg8 46. Ke6 Re3+ 47. Kf5 Re7 48. Kg5 Rd7 49. f5 Rd4 50. Qxf6 gxf6+ 51. Kxf6 Kf8 52. Kg6 Ra4 53. Kf6 Ra6+ 54. Ke5 Kf7 55. f6 Ra5+ 56. Ke4 Kxf6 57. Kd3 Ra4 0-1


[Site "https://www.chess.com"]